 Dungeon Crawl Stone Soup version 0.21.1-1-g345015fe64 (webtiles) character file.

618 Henning the Shield-Bearer (level 7, -3/61 HPs)
             Began as a Minotaur Fighter on June 19, 2018.
             Was an Initiate of Trog.
             Slain by Menkaure (7 damage)
             ... on level 6 of the Dungeon.
             The game lasted 00:10:07 (4026 turns).

Henning the Shield-Bearer (Minotaur Fighter)        Turns: 4026, Time: 00:10:07

Health: -3/61      AC: 12    Str: 21    XL:     7   Next: 21%
Magic:  6/6        EV:  9    Int:  5    God:    Trog [......]
Gold:   119        SH: 10    Dex: 11    Spells: 6/6 levels left

rFire    . . .     SeeInvis .   a - +0 war axe
rCold    . . .     Gourm    .   c - +0 shield
rNeg     . . .     Faith    .   b - +0 scale mail
rPois    .         Spirit   .   (helmet restricted)
rElec    .         Reflect  .   g - +2 cloak
rCorr    .         Harm     .   p - +0 pair of gloves
MR       .....                  (no boots)
Stlth    ..........             (no amulet)
HPRegen  0.20/turn              (no ring)
MPRegen  0.10/turn              i - ring of flight

@: no status effects
A: retaliatory headbutt, horns 2
a: Burn Spellbooks, Renounce Religion, Evoke Flight


You were on level 6 of the Dungeon.
You worshipped Trog.
Trog was noncommittal.
You were not hungry.

You visited 1 branch of the dungeon, and saw 6 of its levels.

You collected 119 gold pieces.

Inventory:

Hand Weapons
 a - a +0 war axe (weapon)
Armour
 b - a +0 scale mail (worn)
 c - a +0 shield (worn)
 g - a +2 cloak (worn)
 p - a +0 pair of gloves (worn)
Jewellery
 i - a ring of flight (right hand)
Scrolls
 e - a scroll of identify
 h - a scroll of fog {unknown}
 n - a scroll of immolation {unknown}
 o - a scroll of fear {unknown}
 q - 2 scrolls of enchant armour {unknown}
 r - 2 scrolls of teleportation {unknown}
 s - a scroll of enchant weapon {unknown}
 v - 3 scrolls of amnesia {unknown}
Potions
 d - a potion of might
 j - a potion of mutation {unknown}
 k - a potion of heal wounds
 l - 2 potions of brilliance
 m - a potion of invisibility
 t - a potion of curing
 u - 3 potions of haste {unknown}
Comestibles
 f - 10 rations


   Skills:
 + Level 5.5 Fighting
 + Level 4.7 Axes
 + Level 5.5 Armour
 + Level 3.5 Dodging
 + Level 5.5 Shields


You had 6 spell levels left.
You didn't know any spells.

Dungeon Overview and Level Annotations

Branches:
Dungeon (6/15)
 Temple: D:4-7

Altars:
Dithmenos
Elyvilon
Gozag
Nemelex Xobeh
Okawaru
Ru
Sif Muna
Trog
Uskayaw
Xom
The Shining One

Shops:
D:4 (

Annotations:
D:6 Menkaure


Innate Abilities, Weirdness & Mutations

You reflexively headbutt those who attack you in melee.
You have a pair of horns on your head.


Message History

Menkaure casts a spell.
Menkaure seems to speed up.
There is an escape hatch in the floor here.
Menkaure casts a spell at you. Pain shoots through your body!
Menkaure calls on the powers of darkness!
Your body is wracked with pain!
Okay, then.
Menkaure calls on the powers of darkness!
Your body is wracked with pain!
* * * LOW HITPOINT WARNING * * *
There is an escape hatch in the floor here.
You can't go up here!
Menkaure hits you!
* * * LOW HITPOINT WARNING * * *
You slide downwards.
The hatch slams shut behind you.
Found a trident.
Found an escape hatch in the floor.
You block Menkaure's attack. Menkaure hits you!
You die...

..........#
..........#
#.........# #
##.....##.. .#
#...#..##.###..#.
#................
#..).##..##..#.
#.#..M...#
#.@###.# #..# .#
##.# .# ..# .#
### .# ..


You could see Menkaure.

Vanquished Creatures
  Grinder (D:3)
  A scorpion (D:4)
  A crimson imp (D:5)
  2 orc priests (D:4)
  4 orc wizards
  A worker ant (D:4)
  3 gnolls (D:3)
  An adder (D:3)
  An ooze (D:2)
  4 worms
  3 dart slugs
  4 leopard geckos
  7 orcs
  2 ball pythons
  4 giant cockroaches
  12 goblins
  6 hobgoblins
  2 jackals
  4 quokkas
  2 bats
  3 frilled lizards
  10 kobolds
  5 rats
83 creatures vanquished.

Notes
Turn   | Place    | Note
-------+----------+-------------------------------------------
     0 | D:1      | Henning the Minotaur Fighter began the quest for the Orb.
     0 | D:1      | Reached XP level 1. HP: 19/19 MP: 0/0
   143 | D:1      | Reached XP level 2. HP: 25/27 MP: 1/1
   604 | D:1      | Reached skill level 1 in Dodging
   914 | D:2      | Reached XP level 3. HP: 30/33 MP: 2/2
  1215 | D:2      | Noticed a hand axe
  1215 | D:2      | Noticed a hand axe
  1216 | D:2      | Found a hide-covered altar of Uskayaw.
  1325 | D:2      | Found a shadowy altar of Dithmenos.
  1375 | D:2      | Found a shimmering altar of Xom.
  1377 | D:2      | Found an opulent altar of Gozag.
  1377 | D:2      | Found a shimmering altar of Xom.
  1379 | D:2      | Found a white marble altar of Elyvilon.
  1379 | D:2      | Found a sacrificial altar of Ru.
  1379 | D:2      | Found a shadowy altar of Dithmenos.
  1735 | D:3      | Reached XP level 4. HP: 27/40 MP: 3/3
  1999 | D:3      | Noticed Grinder
  2000 | D:3      | Paralysed by Grinder for 4 turns
  2012 | D:3      | Reached XP level 5. HP: 9/47 MP: 4/4
  2019 | D:3      | Killed Grinder
  2019 | D:3      | Reached skill level 5 in Fighting
  2019 | D:3      | Reached skill level 5 in Armour
  2019 | D:3      | Reached skill level 5 in Shields
  2019 | D:3      | Reached XP level 6. HP: 13/56 MP: 5/5
  2607 | D:3      | Found a bloodstained altar of Trog.
  2615 | D:3      | Became a worshipper of Trog the Wrathful
  2651 | D:3      | Found an iron altar of Okawaru.
  2703 | D:3      | Found a sparkling altar of Nemelex Xobeh.
  3308 | D:4      | Reached XP level 7. HP: 36/61 MP: 6/6
  3399 | D:4      | Found Xona's Weapon Shop.
  3553 | D:4      | Found a glowing golden altar of the Shining One.
  3600 | D:4      | Found a sacrificial altar of Ru.
  3752 | D:4      | Found a deep blue altar of Sif Muna.
  3955 | D:5      | Entered Level 5 of the Dungeon
  4014 | D:5      | Noticed Menkaure
  4021 | D:5      | HP: 3/61 [Menkaure (13)]
  4026 | D:6      | Slain by Menkaure

Skill      XL: |  1  2  3  4  5  6 |
---------------+-------------------+-----
Dodging        | 1 2 3 |  3.5
Shields        | 4 5 |  5.5
Fighting       | 4 5 |  5.5
Armour         | 4 5 |  5.5
Axes           | 3 4 |  4.7

Action                   |  1- 3 |  4- 6 |  7- 9 || total
-------------------------+-------+-------+-------++-------
Melee: War axe           |   109 |   105 |    18 ||   232
       Headbutt          |    12 |    17 |     4 ||    33
  Use: Scroll            |       |     4 |       ||     4
       Potion            |       |     1 |       ||     1
  Eat: Chunk             |     3 |     5 |     2 ||    10
Armor: Scale mail        |    52 |    48 |     3 ||   103
Dodge: Dodged            |    31 |    50 |     5 ||    86
Block: Shield            |    66 |    48 |    15 ||   129
